 Dungeon Crawl Stone Soup version 0.24-a0-417-g1cce26a4d2 (webtiles) character file.

Game seed: 8246808551173076227

9691 PgLoLo the Blocker (level 11, -1/133 HPs)
             Began as a Gnoll Fighter on June 5, 2019.
             Was a Priest of Sif Muna.
             Slain by a freezing wraith (5 damage)
             ... on level 10 of the Dungeon on June 11, 2019.
             The game lasted 00:39:18 (14831 turns).

PgLoLo the Blocker (Gnoll Fighter)                 Turns: 14831, Time: 00:39:19

Health: -1/133     AC: 25    Str: 19    XL:     11   Next: 50%
Magic:  20/20      EV:  2    Int: 14    God:    Sif Muna [***...]
Gold:   435        SH: 16    Dex: 19    Spells: 22/22 levels left

rFire    . . .     SeeInvis .   a - +0 trident
rCold    . . .     Gourm    .   c - +0 shield
rNeg     + + +     Faith    .   (armour currently unavailable)
rPois    +         Spirit   .   (helmet currently unavailable)
rElec    .         Reflect  +   (cloak currently unavailable)
rCorr    .         Harm     .   (gloves currently unavailable)
MR       .....     NoTele   +   (boots currently unavailable)
Stlth    +++++.....             t - +4 amulet of reflection
HPRegen  0.32/turn              e - ring of poison resistance
MPRegen  0.17/turn              (no ring)

@: agile, tree-form, slowed, very slow
A: distributed training, strong nose
a: Divine Energy, Channel Magic, Renounce Religion


You were on level 10 of the Dungeon.
You worshipped Sif Muna.
Sif Muna was most pleased with you.
You were not hungry.
You were a tree.
You visited 2 branches of the dungeon, and saw 11 of its levels.
You also visited: Ossuary.

You collected 435 gold pieces.

Inventory:

Hand Weapons
 a - a +0 trident (weapon)
Missiles
 g - 99 sling bullets (quivered)
Armour
 b - a +0 scale mail (melded)
 c - a +0 shield (worn)
 o - a +0 pair of gloves (melded)
 r - a +0 helmet (melded)
 u - a +0 pair of boots (melded)
 v - a +3 ring mail
 N - the +6 ring mail of Day {Dex+5, unknown}
   (You found it on level 8 of the Dungeon)

   It affects your dexterity (+5).
 Q - a +2 robe of magic resistance
Jewellery
 d - an uncursed ring of wizardry {unknown}
 e - a ring of poison resistance (left branch)
 t - a +4 amulet of reflection (around neck)
 I - an uncursed amulet of magic regeneration
 K - a cursed amulet of inaccuracy {unknown}
 M - an uncursed ring of see invisible
Wands
 y - a wand of random effects (16)
 L - a wand of digging (9)
Scrolls
 h - 3 scrolls of immolation
 i - 2 scrolls of fog
 l - 5 scrolls of teleportation
 n - 3 scrolls of fear {unknown}
 p - 2 scrolls of enchant weapon {unknown}
 q - 2 scrolls of amnesia {unknown}
 w - 3 scrolls of remove curse {unknown}
 x - 5 scrolls of enchant armour {unknown}
 C - a scroll of blinking {unknown}
 D - a scroll of noise {unknown}
 F - a scroll of summoning {unknown}
 G - 3 scrolls of magic mapping
 P - a scroll of identify
Potions
 j - 2 potions of flight
 k - 2 potions of ambrosia
 m - 4 potions of brilliance
 z - a potion of invisibility {unknown}
 A - a potion of lignification
 B - a potion of mutation {unknown}
 E - 2 potions of magic
 H - 2 potions of curing {unknown}
 J - a potion of degeneration {unknown}
 O - a potion of heal wounds {unknown}
Comestibles
 f - 17 rations


   Skills:
 + Level 9.1 Fighting
 + Level 6.2 Short Blades
 + Level 6.2 Long Blades
 + Level 6.2 Axes
 + Level 6.2 Maces & Flails
 + Level 7.8 Polearms
 + Level 6.2 Staves
 + Level 6.2 Slings
 + Level 6.2 Bows
 + Level 6.2 Crossbows
 + Level 6.2 Throwing
 + Level 9.1 Armour
 + Level 6.2 Dodging
 + Level 6.2 Stealth
 + Level 9.1 Shields
 + Level 6.2 Unarmed Combat
 + Level 6.2 Spellcasting
 + Level 5.1 Conjurations
 + Level 5.1 Hexes
 + Level 5.1 Charms
 + Level 5.1 Summonings
 + Level 5.1 Necromancy
 + Level 5.1 Translocations
 + Level 5.1 Transmutations
 + Level 5.1 Fire Magic
 + Level 5.1 Ice Magic
 + Level 5.1 Air Magic
 + Level 5.1 Earth Magic
 + Level 5.1 Poison Magic
 + Level 6.8 Invocations
 + Level 6.2 Evocations


You had 22 spell levels left.
You didn't know any spells.
Your spell library contained the following spells:

 Spells                   Type           Power        Failure   Level  Hunger
 Sandblast                Erth           ###...       3%          1    None
 Shock                    Conj/Air       ###.         3%          1    None
 Passwall                 Tmut/Erth      ###.....     6%          2    #......
 Swiftness                Chrm/Air       ###.....     6%          2    #......
 Static Discharge         Conj/Air       ###.....     12%         3    ###....
 Stone Arrow              Conj/Erth      ###...       12%         3    ###....
 Airstrike                Air            ###.......   36%         4    ####...
 Petrify                  Tmut/Erth      ###.....     36%         4    ####...
 Lee's Rapid Deconstruct  Erth           ###.......   71%         5    ######.
 Lightning Bolt           Conj/Air       ###.......   71%         5    ######.


Dungeon Overview and Level Annotations

Branches:
Dungeon (10/15)            Temple (1/1) D:6            Lair (0/6) D:10
    Orc (0/2) D:9

Altars:
Ashenzari
Cheibriados
Dithmenos
Elyvilon
Fedhas
Gozag
Hepliaklqana
Kikubaaqudgha
Makhleb
Nemelex Xobeh
Okawaru
Qazlal
Ru
Sif Muna
Trog
Uskayaw
Vehumet
Wu Jian
Xom
Yredelemnul
Zin
The Shining One

Shops:
D:7 %   D:8 [   D:9 :[[}

Annotations:
D:6 3 runed translucent doors, vurker's ghost, novice HOFi


Innate Abilities, Weirdness & Mutations

Your experience applies equally to all skills.
((You have very sharp teeth.))
Your uncanny sense of smell can sniff out nearby items.


Message History

Your +0 pair of gloves melds into your body.
Your +0 pair of boots melds into your body.
Your +0 scale mail melds into your body.
Your roots penetrate the ground.
A jackal comes into view.
The freezing wraith hits you but does no damage. x2
You closely miss the freezing wraith.
The freezing wraith is heavily damaged.
The freezing wraith hits you but does no damage.
The freezing wraith hits you!
* * * LOW HITPOINT WARNING * * *
The freezing wraith drains your vigour!
You feel yourself slow down.
You barely miss the freezing wraith.
The freezing wraith is heavily damaged.
You block the freezing wraith's attack.
The freezing wraith hits you but does no damage.
You hit the freezing wraith.
The freezing wraith is heavily damaged.
The freezing wraith hits you.
You die...

###.....................
........................
.P......................
........###############.
.....P...# #.
.......P..###############.
.......♣hP.................
.P..P.....W###.............
....>.....P♣# #.............
.....P......###.............
..P.........................
............................
P......PP...################
.P..P....♣### #
..PP.....###################
###
#..........................
..
.......................<....


You could see a freezing wraith and a jackal.

Vanquished Creatures
  Joseph (D:10)
  Psyche (D:9)
  A hornet (D:10)
  2 hippogriffs
  A spriggan (D:7)
  8 yaks
  2 basilisks (D:9)
  A wyvern (D:10)
  A hungry ghost (D:8)
  A water moccasin (D:10)
  Duvessa (D:7)
  2 porcupines
  2 ice beasts
  3 orc warriors
  2 sky beasts
  A black bear (D:7)
  2 phantoms
  7 ogres
  2 centaurs
  2 crocodiles
  3 big kobolds
  3 gnoll sergeants
  Dowan (D:7)
  4 bullfrogs
  5 scorpions
  13 killer bees
  7 wights
  2 centaur zombies
  5 crimson imps
  2 bullfrog zombies
  2 jellies (D:9)
  3 bullfrog skeletons
  5 orc priests
  2 centaur skeletons
  4 hounds
  7 orc wizards
  A gnoll shaman (D:5)
  7 iguanas
  4 worker ants
  2 killer bee zombies (Ossuary)
  4 hound zombies
  A hound skeleton (D:6)
  13 mummies (Ossuary)
  A howler monkey zombie (Ossuary)
  3 worker ant zombies
  22 gnolls
  11 adders
  A shadow imp (D:6)
  2 oozes
  7 adder zombies
  2 adder skeletons (D:5)
  4 worms
  3 dart slugs
  2 leopard geckos
  22 orcs
  3 ball pythons
  8 bats
  3 giant cockroaches
  6 goblins
  8 hobgoblins
  7 jackals
  16 kobolds
  3 quokkas
  5 frilled lizards
  2 leopard gecko zombies
  2 quokka zombies
  7 rats
293 creatures vanquished.

Vanquished Creatures (others)
  3 centaurs
  An orc wizard (D:4)
  2 kobolds (D:9)
  A bush (D:10)
  8 fungi
  6 plants
  A withered plant (Ossuary)
22 creatures vanquished.

Grand Total: 315 creatures vanquished

Notes
Turn   | Place    | Note
-------+----------+-------------------------------------------
     0 | D:1      | PgLoLo the Gnoll Fighter began the quest for the Orb.
     0 | D:1      | Reached XP level 1. HP: 23/23 MP: 1/1
    65 | D:1      | Upgraded the game from 0.24-a0-408-gcc1054c7ca to
                  | 0.24-a0-417-g1cce26a4d2
    80 | D:1      | Reached XP level 2. HP: 24/29 MP: 2/2
   470 | D:1      | Reached XP level 3. HP: 35/35 MP: 3/3
  1377 | D:2      | Reached skill level 1 in Invocations
  1608 | D:3      | Reached skill level 1 in Short Blades
  1608 | D:3      | Reached skill level 1 in Long Blades
  1608 | D:3      | Reached skill level 1 in Axes
  1608 | D:3      | Reached skill level 1 in Maces & Flails
  1608 | D:3      | Reached skill level 1 in Staves
  1608 | D:3      | Reached skill level 1 in Slings
  1608 | D:3      | Reached skill level 1 in Bows
  1608 | D:3      | Reached skill level 1 in Crossbows
  1608 | D:3      | Reached skill level 1 in Throwing
  1608 | D:3      | Reached skill level 1 in Dodging
  1608 | D:3      | Reached skill level 1 in Stealth
  1608 | D:3      | Reached skill level 1 in Unarmed Combat
  1608 | D:3      | Reached skill level 1 in Spellcasting
  1608 | D:3      | Reached skill level 1 in Evocations
  1608 | D:3      | Reached XP level 4. HP: 39/41 MP: 5/5
  1993 | D:3      | Reached skill level 1 in Conjurations
  1993 | D:3      | Reached skill level 1 in Hexes
  1993 | D:3      | Reached skill level 1 in Charms
  1993 | D:3      | Reached skill level 1 in Summonings
  1993 | D:3      | Reached skill level 1 in Necromancy
  1993 | D:3      | Reached skill level 1 in Translocations
  1993 | D:3      | Reached skill level 1 in Transmutations
  1993 | D:3      | Reached skill level 1 in Fire Magic
  1993 | D:3      | Reached skill level 1 in Ice Magic
  1993 | D:3      | Reached skill level 1 in Air Magic
  1993 | D:3      | Reached skill level 1 in Earth Magic
  1993 | D:3      | Reached skill level 1 in Poison Magic
  2177 | D:3      | Reached XP level 5. HP: 22/47 MP: 5/7
  2630 | D:4      | Noticed an ogre
  2816 | D:4      | Found a glowing silver altar of Zin.
  2890 | D:4      | Killed an ogre
  2890 | D:4      | Reached XP level 6. HP: 31/53 MP: 8/8
  3138 | D:4      | Noticed an ice beast
  3166 | D:4      | Killed an ice beast
  3166 | D:4      | Reached skill level 5 in Polearms
  3190 | D:4      | Noticed a phantom
  3391 | D:4      | Killed a phantom
  3391 | D:4      | Reached XP level 7. HP: 52/59 MP: 10/10
  3748 | D:4      | Found a sacrificial altar of Ru.
  3798 | D:4      | Found a shadowy altar of Dithmenos.
  3833 | D:4      | Found an iron altar of Okawaru.
  3836 | D:4      | Found a deep blue altar of Sif Muna.
  3847 | D:4      | Became a worshipper of Sif Muna the Loreminder
  3921 | D:5      | Entered Level 5 of the Dungeon
  4374 | D:5      | Reached XP level 8. HP: 38/67 MP: 12/12
  4948 | D:6      | Found a sand-covered staircase.
  4957 | Ossuary  | Entered an ossuary
  5392 | D:6      | Found a shattered altar of Ashenzari.
  5479 | D:6      | Reached * piety under Sif Muna
  5479 | D:6      | Reached XP level 9. HP: 67/72 MP: 14/14
  5508 | D:6      | Found a staircase to the Ecumenical Temple.
  5537 | Temple   | Entered the Ecumenical Temple
  6400 | D:6      | Found a runed translucent gate.
  6400 | D:6      | Found a runed translucent gate.
  6400 | D:6      | Found a runed translucent gate.
  6401 | D:6      | Noticed vurker's ghost (novice HOFi)
  6521 | D:6      | Noticed a +0 hand axe
  6522 | D:6      | Found a hide-covered altar of Uskayaw.
  6522 | D:6      | Noticed a +0 dagger
  6796 | D:6      | Found a deep blue altar of Sif Muna.
  8024 | D:7      | Noticed Duvessa
  8025 | D:7      | Noticed Dowan
  8039 | D:7      | Killed Duvessa
  8044 | D:7      | Killed Dowan
  8112 | D:7      | Found Durrinew's Food Boutique.
  8185 | D:7      | Reached skill level 5 in Invocations
  8237 | D:7      | Reached ** piety under Sif Muna
  8415 | D:7      | Found a hazy altar of Hepliaklqana.
  8553 | D:7      | Reached XP level 10. HP: 80/80 MP: 17/17
  9329 | D:8      | Reached skill level 5 in Short Blades
  9329 | D:8      | Reached skill level 5 in Long Blades
  9329 | D:8      | Reached skill level 5 in Axes
  9329 | D:8      | Reached skill level 5 in Maces & Flails
  9329 | D:8      | Reached skill level 5 in Staves
  9329 | D:8      | Reached skill level 5 in Slings
  9329 | D:8      | Reached skill level 5 in Bows
  9329 | D:8      | Reached skill level 5 in Crossbows
  9329 | D:8      | Reached skill level 5 in Throwing
  9329 | D:8      | Reached skill level 5 in Dodging
  9329 | D:8      | Reached skill level 5 in Stealth
  9329 | D:8      | Reached skill level 5 in Unarmed Combat
  9329 | D:8      | Reached skill level 5 in Spellcasting
  9329 | D:8      | Reached skill level 5 in Evocations
  9444 | D:8      | Found a shimmering altar of Xom.
  9691 | D:8      | Found a blossoming altar of Fedhas.
  9844 | D:8      | Found Fuinumei's Antique Armour Boutique.
 10329 | D:8      | Found a stormy altar of Qazlal.
 10333 | D:8      | Got a shimmering ring mail
 10631 | D:9      | Found Fasun's Antique Armour Emporium.
 11236 | D:9      | Found Suinna's Book Shop.
 11263 | D:9      | Found a staircase to the Orcish Mines.
 11313 | D:9      | Reached XP level 11. HP: 87/87 MP: 19/19
 11507 | D:8      | Reached *** piety under Sif Muna
 12129 | D:9      | Found Viroogib's Antique Armour Emporium.
 12175 | D:9      | Found Yrhovass's Gadget Shoppe.
 12410 | D:10     | Entered Level 10 of the Dungeon
 12494 | D:10     | Paralysed by a hornet for 1 turns
 12506 | D:10     | HP: 3/87 [hornet (9)]
 12907 | D:10     | Found a staircase to the Lair.
 13329 | D:9      | Reached skill level 5 in Conjurations
 13329 | D:9      | Reached skill level 5 in Hexes
 13329 | D:9      | Reached skill level 5 in Charms
 13329 | D:9      | Reached skill level 5 in Summonings
 13329 | D:9      | Reached skill level 5 in Necromancy
 13329 | D:9      | Reached skill level 5 in Translocations
 13329 | D:9      | Reached skill level 5 in Transmutations
 13329 | D:9      | Reached skill level 5 in Fire Magic
 13329 | D:9      | Reached skill level 5 in Ice Magic
 13329 | D:9      | Reached skill level 5 in Air Magic
 13329 | D:9      | Reached skill level 5 in Earth Magic
 13329 | D:9      | Reached skill level 5 in Poison Magic
 13548 | D:10     | Noticed Joseph
 13550 | D:10     | Noticed Psyche
 13736 | D:9      | Killed Psyche
 14042 | D:10     | Killed Joseph
 14829 | D:10     | HP: 4/133 [freezing wraith (7)]
 14831 | D:10     | Slain by a freezing wraith

Levels and vault maps discovered:
D:1:      lightli_arrival_windingriver, layout_basic, minmay_cupped
D:2:      layout_rooms, serial_park_tiny_1
D:3:      layout_basic, first_ration
D:4:      layout_basic, nicolae_overflow_hidden_temple, minitemple,
          minmay_misc_feat_encased, minmay_misc_feat_enclosed,
          kennysheep_decorative_pillar, kennysheep_cluttered_room,
          chequers_serial_rivers_large_b, glass_columns_c
D:5:      layout_basic, serial_bayou_ford_a
D:6:      kennysheep_orc_sif_temple, layout_gridville, dancing_weapons_uskayaw,
          temple_pool_b, gammafunk_ghost_nasty_kobolds,
          lightli_ossuary_entry_decrepit_ruins, cheibrodos_ashenzari_chains
D:7:      layout_rooms, lemuel_coloured_pillars_altar, serial_shops, shop,
          the_bakery, minmay_circle_x, uniq_duvessa
D:8:      layout_rooms, grunt_temple_overflow_forces_of_nature, serial_shops,
          nicolae_shop_waterfront, lemuel_altar_in_water2
D:9:      layout_irregular_city, orc_0_dummy, serial_shops, shop,
          shop_fountains, nicolae_shop_competitors_out_of_business,
          kennysheep_mini
D:10:     layout_long_grid, minmay_lair_entry_grove, ebering_ghost_inner_flame,
          uniq_psyche, uniq_joseph
Temple:   minmay_temple_bridge_abc

Skill      XL: |  1  2  3  4  5  6  7  8  9 10 11 |
---------------+----------------------------------+-----
Invocations    | 1 2 3 4 5 6 |  6.8
Short Blades   | 1 2 3 4 5 6 |  6.2
Long Blades    | 1 2 3 4 5 6 |  6.2
Axes           | 1 2 3 4 5 6 |  6.2
Maces & Flails | 1 2 3 4 5 6 |  6.2
Staves         | 1 2 3 4 5 6 |  6.2
Slings         | 1 2 3 4 5 6 |  6.2
Bows           | 1 2 3 4 5 6 |  6.2
Crossbows      | 1 2 3 4 5 6 |  6.2
Throwing       | 1 2 3 4 5 6 |  6.2
Dodging        | 1 2 3 4 5 6 |  6.2
Stealth        | 1 2 3 4 5 6 |  6.2
Unarmed Combat | 1 2 3 4 5 6 |  6.2
Spellcasting   | 1 2 3 4 5 6 |  6.2
Evocations     | 1 2 3 4 5 6 |  6.2
Conjurations   | 1 2 3 4 5 |  5.1
Hexes          | 1 2 3 4 5 |  5.1
Charms         | 1 2 3 4 5 |  5.1
Summonings     | 1 2 3 4 5 |  5.1
Necromancy     | 1 2 3 4 5 |  5.1
Translocations | 1 2 3 4 5 |  5.1
Transmutations | 1 2 3 4 5 |  5.1
Fire Magic     | 1 2 3 4 5 |  5.1
Ice Magic      | 1 2 3 4 5 |  5.1
Air Magic      | 1 2 3 4 5 |  5.1
Earth Magic    | 1 2 3 4 5 |  5.1
Poison Magic   | 1 2 3 4 5 |  5.1
Polearms       | 5 6 7 |  7.8
Fighting       | 7 8 9 |  9.1
Armour         | 7 8 9 |  9.1
Shields        | 7 8 9 |  9.1

Action                   |  1- 3 |  4- 6 |  7- 9 | 10-12 || total
-------------------------+-------+-------+-------+-------++-------
Melee: Trident           |   126 |   154 |   696 |   889 ||  1865
       Bite              |    15 |    12 |    61 |   116 ||   204
Throw: Boomerang         |     5 |    23 |     6 |       ||    34
  Use: Scroll            |       |     4 |     3 |     3 ||    10
       Potion            |       |       |       |     8 ||     8
 Stab: Distracted        |       |       |     1 |     2 ||     3
       Sleeping          |       |       |     1 |     1 ||     2
  Eat: Chunk             |     2 |     6 |    15 |    16 ||    39
       Ration            |       |       |     1 |     2 ||     3
Armor: Scale mail        |    33 |    46 |   119 |   225 ||   423
       Skin              |       |       |       |     4 ||     4
Dodge: Dodged            |    19 |    33 |   158 |   297 ||   507
Block: Shield            |    66 |    68 |   429 |   751 ||  1314
       Reflection        |       |       |    12 |    21 ||    33

Table legend:
 A = Non-vault XP
 B = Vault XP
 C = Vault XP percentage of total XP
 D = Non-vault monster count
 E = Vault monster count
 F = Vault count percentage of total count
                 A         B        C        D         E       F
            +---------+---------+-------+---------+---------+-------
      Total |    9489 |    4356 |  31.5 |     241 |      57 |  19.1
            +---------+---------+-------+---------+---------+-------
        D:1 |      35 |       6 |  14.6 |      19 |       4 |  17.4
        D:2 |      29 |       0 |   0.0 |      15 |       0 |   0.0
        D:3 |     126 |       0 |   0.0 |      22 |       0 |   0.0
        D:4 |     675 |       0 |   0.0 |      18 |       0 |   0.0
        D:5 |    1127 |       0 |   0.0 |      25 |       0 |   0.0
        D:6 |     929 |     213 |  18.7 |      38 |       3 |   7.3
        D:7 |    1703 |    1037 |  37.8 |      38 |      10 |  20.8
        D:8 |    2133 |     143 |   6.3 |      32 |       1 |   3.0
        D:9 |    1844 |    1240 |  40.2 |      26 |       5 |  16.1
       D:10 |     888 |    1204 |  57.6 |       8 |       7 |  46.7
    Ossuary |       0 |     513 | 100.0 |       0 |      27 | 100.0
            +---------+---------+-------+---------+---------+-------
